cohdb
Replays
Latest Replays
All Replays
Popular Replays
Top Player Replays
Match Explorer
How It Works
Community
CoH3 Stats
Reddit
Sign in to upload your games and track your stats! →
Sign in with Steam
Match 44093545
Unlisted
Match 44093545
Overview
Messages
Build Orders
End
Royal Engineer Section
Construct Section Command Post
Dingo Light Scout Car
Selects Canadian Shock Battlegroup
Infantry Section
Infantry Section
Construct Platoon Command Post
Selects Attacking Spirit
Selects Canadian Shock Section
Selects Incendiary Munitions
Humber Armored Car
Canadian Shock Section
Construct Field Infirmary
Construct Company Command Post
Selects Pyrotechnics
Grenade Package
Foot Guards Section
Matilda II Heavy Tank
Foot Guards Section
Matilda II Heavy Tank
Canadian Shock Section
Matilda II Heavy Tank
Selects Churchill Crocodile Heavy Tank
DrewP
Dillbro
STALKER4732
Devochkin
0
0
Comments
sign in to comment!
No comments posted yet!